Map: Orbital Shipyard

Players

IIIIIIIIIIII - Winner!

  • Race: Terran Terran
  • League: Master

Miszu

  • Race: Terran Terran
  • League: Grandmaster

VOD

Have the link to the VOD?

Description

Time

  • Played on: Feb. 23, 2016, 2:34 p.m.
  • Length: 10:59
Show
View Real Time Build Order
Export as new Build Order

IIIIIIIIIIII Terran - Winner!

Build Orders: Reaper Expand, MMM Bio 

Get SALT Encoding   

  12  0:01  SCV  
  13  0:13  SCV  
  14  0:18  Supply Depot  
  14  0:25  SCV  
  15  0:40  SCV  
  15  0:42  Barracks  
  16  0:45  Refinery  
  16  0:52  SCV  
  17  1:04  SCV  
  18  1:16  SCV  
  19  1:29  Orbital Command  
  19  1:30  Reaper  
  20  1:43  Command Center  
  20  1:55  SCV  
  20  2:00  Supply Depot  
  21  2:02  Marine  
  21  2:08  SCV  
  23  2:12  Factory  
  23  2:21  Marine, SCV  
  23  2:22  Refinery  
  25  2:33  SCV  
  26  2:39  Marine  
  27  2:46  SCV  
  28  2:56  Orbital Command  
  28  2:57  Starport, Marine  
  28  2:58  SCV, Factory Tech Lab  
  30  3:10  SCV  
  31  3:18  Marine  
  30  3:22  SCV  
  30  3:31  Cyclone  
  33  3:34  SCV  
  33  3:35  SCV  
  33  3:41  Marine  
  33  3:46  SCV  
  33  3:52  Medivac  
  33  3:53  SCV  
  35  3:58  SCV  
  35  3:59  Marine  
  31  4:05  SCV  
  30  4:10  SCV  
  30  4:16  Engineering Bay  
  30  4:17  Marine, SCV  
  30  4:20  Siege Tank  
  30  4:22  SCV  
  36  4:26  Barracks  
  36  4:27  Barracks  
  36  4:29  SCV  
  36  4:30  Medivac  
  39  4:34  Marine, SCV  
  41  4:42  SCV  
  41  4:44  Missile Turret  
  42  4:46  Missile Turret  
  42  4:47  SCV  
  43  4:54  SCV  
  43  4:56  Marine  
  43  4:59  SCV  
  46  5:12  Supply Depot  
  46  5:13  Supply Depot  
  46  5:17  Barracks Tech Lab  
  46  5:18  Barracks Tech Lab  
  46  5:19  Barracks Tech Lab  
  46  5:20  Barracks Reactor, Starport Reactor  
  46  5:33  SCV x2  
  47  5:42  Marine x2  
  48  5:45  SCV x2  
  50  5:50  Combat Shields  
  50  5:51  Stimpack  
  50  5:57  SCV x2  
  50  5:59  Marine  
  50  6:01  Marine x3  
  50  6:03  Siege Tank  
  59  6:09  SCV x2  
  61  6:17  Marine  
  62  6:22  Marine, SCV  
  62  6:23  Marine x2  
  61  6:31  Refinery x2  
  61  6:32  Supply Depot  
  61  6:35  Marine, SCV x2  
  61  6:39  Marine  
  66  6:41  Marine x2  
  66  6:44  Siege Tank  
  70  6:54  Supply Depot x2, SCV  
  71  6:55  Supply Depot, Terran Infantry Weapons Level 1  
  71  6:58  Marine x2  
  73  7:06  Marine  
  73  7:07  Marine  
  75  7:14  Medivac x2  
  76  7:15  Marine x2  
  78  7:23  Barracks  
  78  7:24  Marine, Barracks  
  76  7:37  Marine x2  
  76  7:38  Marine  
  79  7:45  Marine  
  75  7:55  Marine x2, Medivac x2, Siege Tank  
  75  7:56  Marine  
  81  8:03  Marine  
  80  8:13  Marine x2  
  80  8:14  Marine  
  80  8:18  Barracks Reactor, Barracks Tech Lab  
  83  8:21  Marine  
  83  8:25  Medivac x2  
  88  8:27  Supply Depot, Siege Tank  
  88  8:30  Marine  
  88  8:31  Marine  
  88  8:32  Marauder  
  95  8:37  Concussive Shells  
  95  8:38  Marauder  
  97  8:41  Supply Depot  
  97  8:43  Marine  
  97  8:46  Supply Depot  
  98  8:49  Marauder  
  98  8:53  Marauder  
  83  9:20  Marine x3  
  83  9:21  Marine x2  
  80  9:25  Marauder x2  
  83  9:37  Marine  
  83  9:38  Marine  
  82  9:39  Marine x2, Marauder  
  76  9:46  Marauder x2  
  76  9:47  Siege Tank  
  83  9:55  Marine x2  
  85  10:01  Marauder  
  85  10:02  Marine x2  
  85  10:03  Medivac x2  
  91  10:08  Marauder x2  
  92  10:19  Marine x3  
  92  10:21  Siege Tank  
  98  10:22  Marauder  
  100  10:34  Command Center  
  94  10:36  Marine x2  
  94  10:37  Marauder  
Show
View Real Time Build Order
Export as new Build Order

Miszu Terran 

Build Orders: 1/1/1, Mech, Banshee Rush 

Get SALT Encoding   

  12  0:00  SCV  
  13  0:13  SCV  
  14  0:17  Supply Depot  
  14  0:25  SCV  
  14  0:28  Refinery  
  15  0:39  SCV  
  16  0:45  Barracks  
  16  0:51  SCV  
  16  0:56  Refinery  
  17  1:03  SCV  
  18  1:15  SCV  
  20  1:33  Orbital Command  
  20  1:34  Factory  
  20  1:35  Reaper  
  20  1:44  Supply Depot  
  20  1:59  SCV  
  21  2:07  Reaper  
  22  2:11  SCV  
  23  2:15  Supply Depot  
  23  2:18  Hellion  
  23  2:22  Starport  
  25  2:26  SCV  
  26  2:39  Barracks Tech Lab, SCV  
  26  2:41  Hellion  
  29  2:51  SCV  
  30  3:03  SCV  
  30  3:29  SCV  
  30  3:30  Banshee  
  30  3:31  Cloaking Field  
  30  3:32  Command Center  
  30  3:34  Barracks Reactor, Factory Tech Lab  
  34  3:41  SCV  
  35  3:54  SCV  
  35  4:06  SCV  
  35  4:08  Siege Tank  
  37  4:10  Command Center  
  37  4:13  Banshee  
  38  4:18  SCV  
  39  4:32  Factory  
  39  4:33  Factory  
  39  4:44  SCV  
  39  4:45  Orbital Command  
  40  4:55  Siege Tank  
  40  4:56  SCV  
  40  4:57  Barracks Reactor  
  44  5:08  SCV  
  44  5:10  SCV  
  46  5:16  Hellion x2  
  46  5:17  Factory Tech Lab  
  46  5:20  SCV  
  51  5:22  SCV  
  51  5:23  Refinery x2  
  51  5:24  SCV  
  53  5:32  SCV  
  53  5:34  SCV  
  55  5:37  SCV  
  53  5:44  SCV  
  53  5:46  Hellion, SCV  
  58  5:51  Hellion  
  58  5:52  Orbital Command  
  59  5:59  Supply Depot  
  59  6:00  Supply Depot, SCV  
  59  6:02  Supply Depot  
  60  6:06  Siege Tank  
  59  6:12  Siege Tank  
  60  6:24  SCV  
  60  6:25  SCV  
  63  6:34  Supply Depot, Orbital Command  
  63  6:36  Supply Depot  
  63  6:37  Hellion x2  
  63  6:38  Supply Depot  
  63  6:39  Viking  
  69  6:41  SCV  
  69  6:47  Engineering Bay  
  69  6:55  SCV x2  
  69  6:56  Siege Tank x2  
  69  6:59  SCV  
  78  7:08  SCV x2  
  82  7:09  Infernal Pre-Igniter  
  82  7:11  SCV  
  81  7:17  Viking  
  81  7:20  SCV x2  
  81  7:22  Armory  
  85  7:23  SCV  
  85  7:28  Siege Tank  
  89  7:32  SCV  
  68  7:52  SCV  
  68  7:57  Siege Tank  
  68  7:58  SCV x2  
  73  8:04  Siege Tank, SCV  
  77  8:10  Hellion x2, SCV x2  
  81  8:17  SCV  
  82  8:22  SCV  
  82  8:23  SCV  
  82  8:25  Supply Depot  
  82  8:26  Supply Depot  
  84  8:27  Missile Turret  
  84  8:29  Siege Tank, SCV, Missile Turret  
  84  8:31  Hellion  
  84  8:32  Hellion  
  92  8:37  Supply Depot, Missile Turret  
  92  8:39  Supply Depot  
  92  8:40  SCV  
  93  8:49  Siege Tank  
  93  8:53  Missile Turret  
  94  8:58  Hellion x2  
  94  9:01  Siege Tank  
  87  9:18  Orbital Command  
  87  9:21  Siege Tank  
  80  9:27  Hellion x2  
  83  9:33  SCV  
  83  9:34  Hellion  
  83  9:36  SCV  
  78  9:44  SCV  
  72  9:48  Hellion, SCV  
  68  10:01  Medivac x2, Orbital Command  
  69  10:11  Hellion  
  69  10:12  Hellion x3  
  77  10:24  Missile Turret  
  77  10:32  Hellion  
Tags
 
Add a new tag
Caveats
  • Supply blocks, unpowered buildings, or Contaminate may cause inaccurate times.
  • Supply counts are checked every 10 seconds.